 Dungeon Crawl Stone Soup version 0.25-a0-364-ge76b031baf (webtiles) character file.

Game seed: 10995755230035871920, levelgen mode: deterministic

191909 Mirei the Severer (level 18, -5/131 HPs)
             Began as a Formicid Fighter on Jan 4, 2020.
             Was a High Priest of Okawaru.
             Splashed by a brown very ugly thing's acid (8 damage)
             ... in a wizard's laboratory on Jan 5, 2020.
             The game lasted 01:54:15 (33568 turns).

Mirei the Severer (Formicid Fighter)               Turns: 33568, Time: 01:54:16

Health: -5/131     AC: 19    Str: 22    XL:     18   Next: 89%
Magic:  27/34      EV: 10    Int: 13    God:    Okawaru [*****.]
Gold:   294        SH: 21    Dex: 10    Spells: 21/26 levels left

rFire    . . .     SeeInvis +   b - +8 frozen axe "Frostbite" {freezing cloud, *Noise +Fly rC+}
rCold    + . .     Gourm    .   U - +0 shield {reflect}
rNeg     . . .     Faith    .   e - +3 plate armour of Okawaru's Displeasure {rPois MP+9}
rPois    +         Spirit   .   (helmet unavailable)
rElec    .         Reflect  +   G - +1 cloak
rCorr    .         Harm     .   q - +2 pair of gloves {archery}
MR       +++..                  n - +2 pair of boots {Stlth+}
Stlth    ..........             X - brooch of Shielding {Reflect SH+8}
HPRegen  0.31/turn              A - ring of protection from magic
MPRegen  0.24/turn              I - ring of wizardry

@: heroism, finesse, corroded
A: permanent stasis, dig shafts and tunnels, four strong arms, antennae 3, icy
blue scales 1, frail 1, magic resistance 1, weak 1, subdued magic 1
}: 1/15 runes: decaying
a: Dig, Shaft Self, Heroism, Finesse, Renounce Religion, Evoke Flight


You were in a wizard's laboratory.
You worshipped Okawaru.
Okawaru was extremely pleased with you.
You were hungry.

You visited 5 branches of the dungeon, and saw 28 of its levels.
You also visited: Ice Cave and Wizlab.

You collected 3252 gold pieces.
You spent 2958 gold pieces at shops.

Inventory:

Hand Weapons
 a - the +9 battleaxe of Spite {freeze, rElec rPois}
   (Okawaru gifted it to you on level 2 of the Swamp)

   It has been specially enchanted to freeze those struck by it, causing extra
   injury to most foes and up to half again as much damage against particularly
   susceptible opponents.
   It can also slow down cold-blooded creatures.
   It insulates you from electricity.
   It protects you from poison.
 b - the +8 frozen axe "Frostbite" (weapon) {freezing cloud, *Noise +Fly rC+}
   (You bought it in a shop on level 2 of the Orcish Mines)

   It has been specially enchanted to freeze those struck by it, causing extra
   injury to most foes and up to half again as much damage against particularly
   susceptible opponents.
   It can also slow down cold-blooded creatures.
   It protects you from cold.
   It lets you fly.
   It may make noises in combat.
 p - the +7 war axe of the Moon {venom, MR+ Dex+2}
   (You found it in an ice cave)

   It poisons the flesh of those it strikes.
   It affects your dexterity (+2).
   It affects your resistance to hostile enchantments.
 H - a +7 executioner's axe of electrocution
Missiles
 s - a silver javelin
 u - 4 curare-tipped darts
 y - 27 boomerangs (quivered)
 V - 68 poisoned darts
Armour
 e - the +3 plate armour of Okawaru's Displeasure (worn) {rPois MP+9}
   (You found it on level 2 of the Swamp)

   It protects you from poison.
   It affects your magic capacity (+9).
 n - a +2 pair of boots of stealth (worn)
 q - a +2 pair of gloves of archery (worn)
 G - a +1 cloak (worn)
 M - the +2 pair of gloves of the Slorg {Regen+ Int+5}
   (Okawaru gifted it to you on level 4 of the Swamp)

   It affects your intelligence (+5).
   It increases your rate of regeneration.
 U - a +0 shield of reflection (worn)
Jewellery
 l - an uncursed ring of fire
 A - a ring of protection from magic (left hand)
 I - a ring of wizardry (right hand)
 P - an uncursed ring of protection from cold
 Q - an uncursed ring of fire
 X - the brooch of Shielding (around neck) {Reflect SH+8}
   (You bought it in a shop on level 13 of the Dungeon)

   [amulet of reflection]

   It shields you and reflects attacks.
   It affects your SH (+8).
Wands
 r - a wand of paralysis (20)
 v - a wand of acid (20)
 z - a wand of scattershot (7)
 F - a wand of digging (9)
 T - a wand of iceblast (25)
 Z - a wand of clouds (3)
Scrolls
 g - 12 scrolls of remove curse
 h - 6 scrolls of fog
 j - 9 scrolls of identify
 o - 2 scrolls of amnesia
 w - 4 scrolls of fear
 x - 4 scrolls of enchant armour
Potions
 d - 4 potions of might
 i - 7 potions of curing
 k - 5 potions of flight
 m - 5 potions of brilliance
 C - a potion of resistance
 D - a potion of lignification
 L - a potion of cancellation
 N - 2 potions of ambrosia
 O - a potion of magic
 R - 3 potions of agility
 W - a potion of heal wounds
Miscellaneous
 c - a phial of floods
 J - a sack of spiders
 K - 2 phantom mirrors
 S - 2 boxes of beasts
Comestibles
 f - 63 rations


   Skills:
 + Level 14.0(19.0) Fighting
 + Level 17.8(22.8) Axes
 + Level 12.2(17.2) Throwing
 * Level 16.6(21.6) Armour
 - Level 0.3(5.3) Dodging
 - Level 9.0(14.0) Shields
 * Level 4.8 Spellcasting
 + Level 4.8 Charms
 * Level 1.0 Translocations
 * Level 1.4 Earth Magic
 - Level 9.5 Invocations
 - Level 3.3 Evocations


You had 21 spell levels left.
You knew the following spells:

 Your Spells              Type           Power        Failure   Level  Hunger
a - Passwall              Tmut/Erth      #.......     38%         2    ##.....
b - Song of Slaying       Chrm           ##......     8%          2    ##.....
c - Apportation           Tloc           #.....       26%         1    None

Your spell library contained the following spells:

 Spells                   Type           Power        Failure   Level  Hunger
 Infusion                 Chrm           ##..         5%          1    None
 Shroud of Golubria       Chrm/Tloc      #.....       17%         2    ##.....
 Sandblast                Erth           #.....       21%         1    None
 Animate Skeleton         Necr           N/A          36%         1    None
 Confusing Touch          Hex            #.....       36%         1    None
 Corona                   Hex            #......      36%         1    None
 Foxfire                  Conj/Fire      #...         36%         1    None
 Magic Dart               Conj           #...         36%         1    None
 Pain                     Necr           #...         36%         1    None
 Summon Small Mammal      Summ           #...         36%         1    None
 Ozocubu's Armour         Chrm/Ice       #.......     38%         3    ###....
 Spectral Weapon          Hex/Chrm       #.......     38%         3    ###....
 Call Imp                 Summ           #.......     50%         2    ##.....
 Ensorcelled Hibernation  Hex/Ice        #.....       50%         2    ##.....
 Searing Ray              Conj           #.....       50%         2    ##.....
 Gell's Gravitas          Tloc           #.........   58%         3    ###....
 Stone Arrow              Conj/Erth      #.....       63%         3    ###....
 Call Canine Familiar     Summ           #.......     71%         3    ###....
 Confuse                  Hex            #.......     71%         3    ###....
 Conjure Flame            Conj/Fire      #.......     71%         3    ###....
 Dazzling Flash           Conj/Hex       #.....       71%         3    ###....
 Inner Flame              Hex/Fire       #.......     71%         3    ###....
 Summon Guardian Golem    Hex/Summ       #.......     71%         3    ###....
 Tukima's Dance           Hex            #.......     71%         3    ###....
 Vampiric Draining        Necr           #.........   71%         3    ###....
 Petrify                  Tmut/Erth      #.......     95%         4    ####...
 Iskenderun's Mystic Bla  Conj/Tloc      #.......     96%         4    ####...
 Animate Dead             Necr           N/A          98%         4    ####...
 Fulminant Prism          Conj/Hex       #.........   98%         4    ####...
 Ice Form                 Ice/Tmut       #.......     98%         4    ####...
 Sticky Flame             Conj/Fire      #.......     98%         4    ####...
 Summon Ice Beast         Ice/Summ       #.......     98%         4    ####...
 Summon Lightning Spire   Summ/Air       #.......     98%         4    ####...
 Lee's Rapid Deconstruct  Erth           #.........   99%         5    ######.
 Agony                    Necr           #.......     100%        5    ######.
 Fireball                 Conj/Fire      #.........   100%        5    ######.
 Irradiate                Conj/Tmut      #.........   100%        5    ######.
 Metabolic Englaciation   Hex/Ice        #.........   100%        5    ######.
 Yara's Violent Unravell  Hex/Tmut       #.........   100%        5    ######.
 Freezing Cloud           Conj/Ice/Air   #.........   100%        6    #######
 Hydra Form               Tmut           #.........   100%        6    #######
 Ozocubu's Refrigeration  Ice            #.........   100%        6    #######
 Simulacrum               Ice/Necr       #.........   100%        6    #######
 Statue Form              Tmut/Erth      #........    100%        6    #######
 Dragon Form              Tmut           #.........   100%        7    #######


Dungeon Overview and Level Annotations

Branches:
Dungeon (15/15)            Temple (0/1) D:7            Lair (6/6) D:9
  Swamp (4/4) Lair:2        Snake (0/4) Lair:4        Slime (0/5) Lair:5
    Orc (2/2) D:10            Elf (0/3) Orc:2        Vaults (1/5) D:14
 Depths (0/5) D:15          IceCv (visited)          WizLab (1/1)

Altars:
Ashenzari
Cheibriados
Dithmenos
Okawaru
Trog
The Shining One
Beogh

Shops:
D:13 =   Orc:2 =([[:   Vaults:1 *

Annotations:
D:2 1 exclusion
D:5 exclusion: downstairs
D:6 exclusion: downstairs
D:14 exclusion: downstairs WizLab 1 transporter


Innate Abilities, Weirdness & Mutations

You cannot be hasted, slowed, berserked, paralysed or teleported.
You can dig through walls and to a lower floor.
Your four strong arms can wield two-handed weapons with a shield.
You have a pair of large antennae on your head. (SInv)
You are partially covered in icy blue scales. (AC +2)
You are frail. (-10% HP)
You are resistant to hostile enchantments. (MR+)
You are weak. (Str -2)
Your spells are a little easier to cast, but a little less powerful.


Message History

You block the brown very ugly thing's attack.
The white imp picks up a beetle and eats it.
You block the starspawn tentacle's attack.
You gain the combat prowess of a mighty hero.
The war gargoyle hits you with a +0 morningstar!
* * * LOW HITPOINT WARNING * * *
The great orb of eyes bites you but does no damage.
The neqoxec gestures at you.
Something tries to feed on your intellect!
The brown very ugly thing closely misses you.
You block the starspawn tentacle's attack.
You can now deal lightning-fast blows.
You block the war gargoyle's attack. The tentacled starspawn bites you.
* * * LOW HITPOINT WARNING * * *
You block the tentacled starspawn's attack.
You block the great orb of eyes's attack.
The brown very ugly thing headbutts you.
* * * LOW HITPOINT WARNING * * *
You are splashed with acid!
You die...

#..# { ...# ##...# #####
#..─{.
######...#######./# { #
................/# {.##.
.......#.......w9# {....
.#..#.....#.a#..@##{.....
.##....#....##.GuX─..#
..#..#####..#...55w.##
..##..###..##...##35#
...#.......#...## G....
#..##.....##..## .....#
...#######... .....#
..###)©)###.. .##..# #
!)=)?)##. ## ...


You could see a brown very ugly thing, a tentacled starspawn, a great orb of
eyes, a glowing orange brain, a war gargoyle, a neqoxec, 2 starspawn tentacles,
2 white imps and an ufetubus.

Vanquished Creatures
  Nikola (Swamp:2)
  2 tentacled starspawn (WizLab)
  Gastronok (Lair:3)
  5 thorn hunters
  A deep elf sorcerer (Vaults:1)
  3 vault wardens (Vaults:1)
  2 ironheart preservers (Vaults:1)
  A very ugly thing (WizLab)
  A ghoul (D:15)
  2 entropy weavers (Lair:5)
  A deep elf demonologist (Vaults:1)
  An ettin (D:15)
  The ghost of Gruesome the Martial Artist, a journeyman OpFi of Cheibriados (Lair:4)
  A fire dragon (Lair:6)
  An ice dragon (Vaults:1)
  A great orb of eyes (WizLab)
  2 vault guards (D:14)
  17 hydras
  3 shambling mangroves
  8 centaur warriors
  A death knight (D:11)
  A catoblepas (Lair:4)
  2 two-headed ogres
  10 alligators
  A queen ant (Lair:5)
  A tengu warrior (D:15)
  A deep troll earth mage (Vaults:1)
  A deep troll shaman (Vaults:1)
  A death yak (Lair:4)
  4 spriggans
  A flayed ghost (Vaults:1)
  7 skeletal warriors
  A spriggan druid (Swamp:4)
  A deep troll (Vaults:1)
  3 unseen horrors (D:15)
  12 swamp dragons
  A glowing orange brain (WizLab)
  4 wizards
  A lindwurm (Lair:6)
  A deep elf archer (Vaults:1)
  2 ironbrand convokers (Vaults:1)
  9 orc knights
  2 wolf spider zombies (D:15)
  2 cyclopes
  A deep elf mage (Vaults:1)
  2 manticores
  26 ugly things
  3 orc sorcerers
  2 wolf spiders (Vaults:1)
  2 eyes of devastation (WizLab)
  5 elephants
  14 black mambas
  2 vault sentinels (Vaults:1)
  2 molten gargoyles (Lair:6)
  Psyche (D:9)
  13 spiny frogs
  3 gargoyles
  3 ice statues (IceCv)
  A freezing wraith (D:14)
  4 rime drakes
  A rime drake (shapeshifter) (D:15)
  11 yaktaurs (Vaults:1)
  12 komodo dragons
  A tengu conjurer (D:14)
  A polar bear (Lair:3)
  11 hornets
  A wind drake (D:15)
  14 blink frogs
  8 trolls
  5 tyrant leeches
  A harpy skeleton (D:15)
  11 hippogriffs
  11 dream sheep
  10 bog bodies
  22 slime creatures
  A meliai zombie (D:15)
  A centaur simulacrum (D:15)
  Sigmund (D:3)
  A shadow (Swamp:3)
  2 wraiths
  35 yaks
  2 humans (D:14)
  5 wyverns
  A yaktaur simulacrum (Vaults:1)
  A steam dragon (Lair:6)
  A neqoxec (WizLab)
  2 hungry ghosts
  13 vampire mosquitoes
  4 basilisks
  2 wargs
  18 insubstantial wisps
  7 nagas (Lair:4)
  21 swamp worms
  An acid dragon (D:14)
  19 soldier ants (Lair:5)
  5 hell hounds (Lair:6)
  8 water moccasins
  6 porcupines
  43 orc warriors
  2 hornet zombies (D:15)
  4 black bears
  12 swamp drakes
  3 phantoms (D:6)
  An eye of draining (D:12)
  11 ice beasts
  2 sky beasts
  A boggart (Vaults:1)
  A necrophage (D:7)
  9 ogres
  19 centaurs
  15 crocodiles
  A big kobold (D:11)
  16 bullfrogs
  A water moccasin zombie (D:6)
  5 scorpions
  A wyvern skeleton (D:7)
  2 water moccasin skeletons
  4 killer bees (D:13)
  12 wights
  6 howler monkeys
  10 crimson imps
  5 lava snakes (Lair:6)
  6 centaur zombies
  A bullfrog zombie (D:6)
  8 hounds
  9 jellies
  20 orc priests
  5 bullfrog skeletons
  4 centaur skeletons
  27 orc wizards
  32 worker ants
  A hound zombie (D:8)
  4 mummies (D:15)
  Robin (D:2)
  A howler monkey zombie (D:8)
  18 adders
  5 gnolls
  2 shadow imps
  12 white imps (Orc:2)
  9 oozes
  An adder zombie (D:6)
  An adder skeleton (D:4)
  4 worms
  7 dart slugs
  7 leopard geckos
  112 orcs
  4 giant cockroaches
  12 goblins
  4 hobgoblins (D:1)
  17 jackals
  14 kobolds
  7 quokkas
  11 bats
  3 frilled lizards
  A jackal skeleton (D:6)
  A leopard gecko skeleton (D:6)
  A quokka zombie (D:6)
  7 rats
  A bush (D:1)
  4 fungi
  4 plants
  6 starspawn tentacles (WizLab)
1066 creatures vanquished.

Vanquished Creatures (collateral kills)
  A spriggan (D:10)
  A howler monkey (D:10)
  2 starspawn tentacles (WizLab)
4 creatures vanquished.

Vanquished Creatures (others)
  A black mamba (Lair:5)
  3 yaktaurs
  A troll (Vaults:1)
  An orc warrior (Orc:2)
  3 centaurs
  6 orcs
  4 fungi
  9 plants
  5 starspawn tentacles (WizLab)
  4 toadstools (D:6)
  A withered plant (D:15)
38 creatures vanquished.

Grand Total: 1108 creatures vanquished

Notes
Turn   | Place    | Note
-------+----------+-------------------------------------------
     0 | D:1      | Mirei the Formicid Fighter began the quest for the Orb.
     0 | D:1      | Reached XP level 1. HP: 18/18 MP: 1/1
    86 | D:1      | Reached XP level 2. HP: 8/24 MP: 2/2
   575 | D:1      | Reached XP level 3. HP: 29/29 MP: 3/3
  1079 | D:2      | Noticed Robin
  1113 | D:2      | Reached XP level 4. HP: 30/36 MP: 4/4
  1256 | D:2      | Killed Robin
  1256 | D:2      | Reached skill level 3 in Axes
  1755 | D:2      | Found an iron altar of Okawaru.
  1766 | D:2      | Became a worshipper of Warmaster Okawaru
  2066 | D:2      | Found a snail-covered altar of Cheibriados.
  2279 | D:3      | Reached XP level 5. HP: 42/42 MP: 5/5
  2616 | D:3      | Reached skill level 4 in Axes
  2622 | D:3      | Reached XP level 6. HP: 19/48 MP: 6/6
  3249 | D:3      | Reached skill level 1 in Throwing
  3453 | D:3      | Reached * piety under Okawaru
  3616 | D:3      | Noticed Sigmund
  3642 | D:3      | Killed Sigmund
  3642 | D:3      | Reached skill level 5 in Axes
  3642 | D:3      | Reached XP level 7. HP: 53/54 MP: 4/7
  4057 | D:4      | Reached skill level 1 in Invocations
  4133 | D:4      | Reached skill level 5 in Armour
  4368 | D:4      | Reached ** piety under Okawaru
  5100 | D:5      | Entered Level 5 of the Dungeon
  5116 | D:4      | Reached XP level 8. HP: 61/61 MP: 6/9
  5170 | D:5      | Reached skill level 6 in Axes
  5307 | D:5      | Reached *** piety under Okawaru
  5381 | D:5      | Found an iron altar of Okawaru.
  5625 | D:5      | Found a shadowy altar of Dithmenos.
  5704 | D:6      | Reached skill level 7 in Axes
  5723 | D:6      | Reached skill level 5 in Fighting
  5732 | D:6      | Reached XP level 9. HP: 54/68 MP: 11/11
  6157 | D:6      | Reached skill level 8 in Axes
  6250 | D:6      | Reached skill level 5 in Shields
  6717 | D:6      | Reached skill level 5 in Invocations
  6979 | D:6      | Reached **** piety under Okawaru
  7347 | D:6      | Gained mutation: You passively map a small area around you.
                  | [potion of mutation]
  7347 | D:6      | Gained mutation: You are somewhat resistant to further
                  | mutation. [potion of mutation]
  7400 | D:7      | Reached XP level 10. HP: 47/74 MP: 14/14
  7448 | D:7      | Reached skill level 9 in Axes
  8363 | D:7      | Reached ***** piety under Okawaru
  8369 | D:7      | Lost mutation: You passively map a small area around you.
                  | [potion of mutation]
  8369 | D:7      | Gained mutation: You are frail. (-10% HP) [potion of
                  | mutation]
  8369 | D:7      | Gained mutation: You are agile. (Dex +2) [potion of
                  | mutation]
  8433 | D:7      | Found a staircase to the Ecumenical Temple.
  9311 | D:8      | Found a roughly hewn altar of Beogh.
  9764 | D:8      | Received a gift from Okawaru
 10090 | D:8      | Reached skill level 10 in Axes
 10090 | D:8      | Reached skill level 5 in Throwing
 10090 | D:8      | Reached XP level 11. HP: 75/75 MP: 15/17
 10857 | D:9      | Reached XP level 12. HP: 81/81 MP: 18/18
 10920 | D:9      | Noticed Psyche
 10938 | D:9      | Killed Psyche
 10938 | D:9      | Received a gift from Okawaru
 11145 | D:9      | Found a bloodstained altar of Trog.
 11191 | D:9      | Found a staircase to the Lair.
 11231 | D:10     | Entered Level 10 of the Dungeon
 11294 | D:10     | Noticed Sonja
 11351 | D:10     | Noticed Sonja
 11351 | D:10     | Sonja changed into Sonja the spriggan
 11375 | D:10     | Killed Sonja the spriggan
 11375 | D:10     | Reached skill level 11 in Axes
 11756 | D:10     | Noticed a two-headed ogre
 11779 | D:10     | Killed a two-headed ogre
 12288 | D:10     | Found a staircase to the Orcish Mines.
 12687 | D:11     | Noticed a death knight
 12712 | D:11     | Killed a death knight
 12712 | D:11     | Reached skill level 12 in Axes
 12829 | D:11     | Lost mutation: You are frail. (-10% HP) [potion of
                  | mutation]
 12829 | D:11     | Gained mutation: Your natural rate of healing is unusually
                  | fast. [potion of mutation]
 13560 | D:12     | Received a gift from Okawaru
 14135 | D:12     | Noticed a skeletal warrior
 14135 | D:12     | Noticed a skeletal warrior
 14135 | D:12     | Noticed a skeletal warrior
 14271 | D:11     | Killed a skeletal warrior
 14286 | D:11     | Killed a skeletal warrior
 14286 | D:11     | Reached XP level 13. HP: 76/98 MP: 20/20
 14295 | D:12     | Received a gift from Okawaru
 14413 | D:12     | Reached skill level 13 in Axes
 14550 | D:12     | Reached skill level 10 in Armour
 15011 | D:13     | Found Wegrele's Jewellery Boutique.
 16170 | D:14     | Noticed a vault guard
 16209 | D:14     | Received a gift from Okawaru
 16231 | D:14     | Killed a vault guard
 16252 | D:14     | Found a gate to the Vaults.
 16253 | D:14     | Noticed a vault guard
 16262 | D:14     | Killed a vault guard
 17794 | D:15     | Entered Level 15 of the Dungeon
 17794 | D:15     | Noticed a centaur warrior
 17796 | D:15     | Noticed a centaur warrior
 17796 | D:15     | Noticed a ghoul
 17801 | D:14     | Killed a centaur warrior
 17875 | D:15     | Reached XP level 14. HP: 101/108 MP: 14/21
 17886 | D:15     | Reached skill level 14 in Axes
 17899 | D:15     | Received a gift from Okawaru
 18186 | D:15     | Reached ****** piety under Okawaru
 18191 | D:15     | Identified the +8 scimitar "Nogorhuc" {slice, rElec rC+
                  | Int-5 Stlth+}
 18265 | D:15     | Reached skill level 10 in Fighting
 18414 | D:15     | Received a gift from Okawaru
 18463 | D:15     | Received a gift from Okawaru
 18479 | D:15     | Got a fine war axe {god gift}
 18480 | D:15     | Identified the +9 war axe "Kexagg" {holy, +Rage rPois Str+5
                  | Stlth+} (Okawaru gifted it to you on level 15 of the
                  | Dungeon)
 18610 | D:15     | Killed a ghoul
 18615 | D:15     | Reached skill level 15 in Axes
 18668 | D:15     | Noticed Nessos
 18672 | D:15     | Noticed Nessos
 18672 | D:15     | Nessos changed into Nessos the wind drake
 18688 | D:15     | Killed Nessos the wind drake
 18745 | D:15     | Received a gift from Okawaru
 18745 | D:15     | Reached XP level 15. HP: 75/117 MP: 15/22
 18877 | D:15     | Found a staircase to the Depths.
 19072 | Lair:1   | Entered Level 1 of the Lair of Beasts
 20390 | Lair:2   | Found a staircase to the Swamp.
 20917 | Lair:3   | Noticed Gastronok
 20934 | Lair:3   | Killed Gastronok
 21861 | Lair:4   | Received a gift from Okawaru
 21889 | Lair:4   | Got a dazzling plate armour {god gift}
 21900 | Lair:4   | Identified the +3 plate armour "Inkegif" {rPois Dex-3
                  | Stlth+} (Okawaru gifted it to you on level 4 of the Lair of
                  | Beasts)
 22124 | Lair:4   | Found a staircase to the Snake Pit.
 22286 | Lair:4   | Found a runed translucent gate.
 22286 | Lair:4   | Found a runed translucent gate.
 22286 | Lair:4   | Found a runed translucent gate.
 22293 | Lair:4   | Noticed Gruesome's ghost (journeyman OpFi)
 22822 | Lair:4   | Killed Gruesome's ghost
 22830 | Lair:4   | Reached XP level 16. HP: 122/127 MP: 17/23
 22934 | Lair:5   | Reached skill level 16 in Axes
 22977 | Lair:5   | Reached skill level 15 in Armour
 23035 | Lair:5   | Received a gift from Okawaru
 23159 | Lair:5   | Found a transporter.
 23221 | Lair:5   | Found a staircase to the Slime Pits.
 23433 | Lair:5   | Found a transporter.
 23841 | Lair:6   | Entered Level 6 of the Lair of Beasts
 24356 | Lair:6   | Identified the +12 fustibalus of Fear {velocity, rC++ Str+5
                  | SInv} (You found it on level 6 of the Lair of Beasts)
 24557 | Lair:6   | Found a large runed translucent door.
 24558 | Lair:6   | Found a large runed translucent door.
 25407 | Lair:6   | Lost mutation: Your natural rate of healing is unusually
                  | fast. [potion of mutation]
 25407 | Lair:6   | Lost mutation: You are agile. (Dex +2) [potion of mutation]
 25407 | Lair:6   | Lost mutation: You are somewhat resistant to further
                  | mutation. [potion of mutation]
 25407 | Lair:6   | Gained mutation: Your spells are a little easier to cast,
                  | but a little less powerful. [potion of mutation]
 25407 | Lair:6   | Gained mutation: You are weak. (Str -2) [potion of
                  | mutation]
 25407 | Lair:6   | Gained mutation: You are resistant to hostile enchantments.
                  | (MR+) [potion of mutation]
 25407 | Lair:6   | Gained mutation: You are partially covered in icy blue
                  | scales. (AC +2) [potion of mutation]
 25647 | Orc:1    | Entered Level 1 of the Orcish Mines
 25800 | Orc:1    | Received a gift from Okawaru
 25890 | Orc:1    | Identified the +1 war axe "Xaeheot" {venom, rN++ Stlth-}
                  | (Okawaru gifted it to you on level 1 of the Orcish Mines)
 26242 | Orc:2    | Entered Level 2 of the Orcish Mines
 26359 | Orc:2    | Found a frozen archway.
 26390 | IceCv    | Entered an ice cave
 26429 | IceCv    | Identified the +7 war axe of the Moon {venom, MR+ Dex+2}
                  | (You found it in an ice cave)
 26816 | Orc:2    | Found Anuib's Jewellery Shop.
 26828 | Orc:2    | Found a staircase to the Elven Halls.
 27027 | Orc:2    | Found Ruenkem's Armour Shoppe.
 27027 | Orc:2    | Found Edduunn's Antique Armour Shop.
 27029 | Orc:2    | Found Jedwalan's Weapon Boutique.
 27031 | Orc:2    | Found Yntor's Book Emporium.
 27035 | Orc:2    | Bought a +0 pair of gloves of archery for 161 gold pieces
 27045 | Orc:2    | Bought the +8 frozen axe "Frostbite" {freezing cloud,
                  | *Noise +Fly rC+} for 776 gold pieces
 27045 | Orc:2    | Found the +8 frozen axe "Frostbite" {freezing cloud, *Noise
                  | +Fly rC+}
 27050 | Orc:2    | Bought a book of Battle for 640 gold pieces
 27053 | Orc:2    | Learned a level 2 spell: Passwall
 27056 | Orc:2    | Learned a level 2 spell: Song of Slaying
 27724 | Swamp:1  | Entered Level 1 of the Swamp
 27780 | Swamp:1  | Noticed a thorn hunter
 27786 | Swamp:1  | Reached XP level 17. HP: 137/137 MP: 24/24
 27791 | Swamp:1  | Killed a thorn hunter
 27791 | Swamp:1  | Received a gift from Okawaru
 27791 | Swamp:1  | Received a gift from Okawaru
 27791 | Swamp:1  | Reached skill level 1 in Spellcasting
 27791 | Swamp:1  | Reached skill level 1 in Charms
 28787 | Swamp:2  | Identified the +3 plate armour of Okawaru's Displeasure
                  | {rPois MP+9} (You found it on level 2 of the Swamp)
 29139 | Swamp:2  | Reached skill level 17 in Axes
 29199 | Swamp:2  | Noticed Nikola
 29219 | Swamp:2  | Killed Nikola
 29245 | Swamp:2  | Received a gift from Okawaru
 29249 | Swamp:2  | Identified the +9 battleaxe of Spite {freeze, rElec rPois}
                  | (Okawaru gifted it to you on level 2 of the Swamp)
 30458 | Swamp:4  | Entered Level 4 of the Swamp
 30458 | Swamp:4  | Found a shattered altar of Ashenzari.
 30458 | Swamp:4  | Noticed a thorn hunter
 30477 | Swamp:4  | Killed a thorn hunter
 30794 | Swamp:4  | Noticed a thorn hunter
 30810 | Swamp:4  | Killed a thorn hunter
 30927 | Swamp:4  | Found a glowing golden altar of the Shining One.
 31094 | Swamp:4  | Received a gift from Okawaru
 31312 | Swamp:4  | Reached XP level 18. HP: 125/145 MP: 25/25
 31458 | Swamp:4  | Received a gift from Okawaru
 31465 | Swamp:4  | Identified the +2 pair of gloves of the Slorg {Regen+
                  | Int+5} (Okawaru gifted it to you on level 4 of the Swamp)
 32409 | Swamp:4  | Got a decaying rune of Zot
 32677 | D:13     | Bought the brooch of Shielding {Reflect SH+8} for 1381 gold
                  | pieces
 32677 | D:13     | Found the brooch of Shielding {Reflect SH+8}
 32687 | D:13     | Learned a level 1 spell: Apportation
 32739 | Vaults:1 | Entered Level 1 of the Vaults
 32875 | Vaults:1 | Reached skill level 10 in Throwing
 33127 | Vaults:1 | Found Tyoduol's General Store.
 33138 | Vaults:1 | Noticed an Ice Fiend
 33232 | Vaults:1 | Received a gift from Okawaru
 33282 | Vaults:1 | Received a gift from Okawaru
 33302 | Vaults:1 | Found a magical portal.
 33505 | WizLab   | Found a transporter.
 33506 | WizLab   | Found the +8 mithril axe "Arga" {speed, MR+}
 33531 | WizLab   | Gained mutation: You are frail. (-10% HP) [a neqoxec]
 33532 | WizLab   | Reached skill level 1 in Earth Magic
 33562 | WizLab   | Reached skill level 1 in Translocations
 33568 | WizLab   | HP: 3/131 [brown very ugly thing (5)]
 33568 | WizLab   | Splashed by a brown very ugly thing's acid

Levels and vault maps discovered:
D:1:      dpeg_arrival_rhombi, layout_basic, minmay_hedge_maze
D:2:      layout_basic, kennysheep_okawaru_gauntlet, kennysheep_slug_shrine,
          uniq_robin
D:3:      layout_basic, first_ration, minivault_24, cheibrodos_gnoll_hut,
          uniq_sigmund
D:4:      minmay_diamond_boxcup, layout_basic
D:5:      layout_cave_pools, basic_altar, grunt_dithmenos_smoke_and_mirrors
D:6:      minmay_razor_zed, layout_loops_ring, minivault_27,
          minmay_gold_behind_fungi
D:7:      minmay_cornered_nines, layout_rooms, minmay_temple_entry_hall,
          chequers_garden
D:8:      layout_rooms, special_room [special_room_orc],
          hangedman_little_slice_of_home
D:9:      layout_basic, grunt_lair_entry_orc_guard_hut, basic_altar, uniq_psyche
D:10:     layout_stronghold, david_orc_4, uniq_sonja
D:11:     layout_roguey, minmay_misc_feat_rugged
D:12:     layout_loops_ring
D:13:     layout_cave_pods, serial_shops, shop
D:14:     layout_stronghold, grunt_vaults_entry_fortified, serial_bayou_pond_c,
          minmay_diced_spiral
D:15:     hangedman_depths_entry_civil_slaughter, layout_cross, serial_undead,
          serial_undead_a, serial_undead_e, serial_undead_a, serial_undead_a,
          serial_undead_f, abandoned_shop, uniq_nessos
Lair:1:   layout_gridlike
Lair:2:   layout_loops_ring, skrybe_swamp_entry_bodies, st_stairs_11,
          infiniplex_staircase_pool_2, grunt_megastairs_4
Lair:3:   layout_hall_layers, lemuel_fruit_fields, uniq_gastronok
Lair:4:   layout_gridlike, minmay_snake_entry_guardpost_medium,
          gammafunk_ghost_hydra_chop, columned_hall_lemuel,
          hangedman_lair_generics_rect
Lair:5:   gammafunk_cloud_chamber, layout_gridlike,
          nicolae_slime_entry_slimehenge, zaba_anthell, lemuel_fruit_fields
Lair:6:   cheibrodos_lair_end_hotspot, layout_gridlike
Swamp:1:  layout_basic_swamp, evilmike_swamp_ruin_house_1, swamp_pool3,
          infiniplex_staircase_pool
Swamp:2:  layout_falls_marsh, evilmike_swamp_ruin_house_2, uniq_nikola
Swamp:3:  layout_basic_swamp, evilmike_swamp_ruin_wall, swamp_pool4
Swamp:4:  swamp_basic_johnstein, layout_basic_swamp, swamp_pool2,
          nicolae_swamp_godswood, nicolae_swamp_round_clearing,
          lemuel_altar_in_water2
Orc:1:    layout_caves
Orc:2:    st_orc_rangers, layout_diamond_mine, portal_ice_cave_entry_imps,
          serial_shops, shop
Vaults:1: vaults_standard_mumra_lines, v_alt_pattern_4,
          nicolae_vaults_what_the_h, nicolae_vaults_network_periphery,
          nicolae_vaults_little_squares_2, v_misc_9,
          nicolae_vaults_ring_of_whatevers, v_rooms_4, ontoclasm_vaults_eye,
          vaults_room_grid, nicolae_vaults_little_squares_5,
          layout_vaults_omnicross, serial_glass,
          lightli_enter_wizlab_magi_temple, serial_shops, shop
WizLab:   wizlab_lehudib

Skill      XL: |  1  2  3  4  5  6  7  8  9 10 11 12 13 14 15 16 17 18 |
---------------+-------------------------------------------------------+-----
Shields        | 4 5 8 9 |  9.0
Axes           | 3 4 5 7 8 10 12 13 15 16 17 | 17.8
Armour         | 4 5 6 8 9 12 13 14 15 16 | 16.6
Fighting       | 4 5 7 9 10 12 13 14 | 14.0
Throwing       | 2 3 5 7 8 9 12 | 12.2
Invocations    | 2 3 5 9 |  9.5
Evocations     | 3 |  3.3
Spellcasting   | 4 |  4.8
Charms         | 4 |  4.8
Earth Magic    | 1 |  1.4
Translocations | 1 |  1.0
Dodging        | |  0.3

Action                   |  1- 3 |  4- 6 |  7- 9 | 10-12 | 13-15 | 16-18 || total
-------------------------+-------+-------+-------+-------+-------+-------++-------
Melee: War axe           |   135 |   194 |   209 |    66 |    28 |    61 ||   693
       Hand axe          |       |       |   187 |   545 |   977 |   732 ||  2441
       Executioner's axe |       |       |       |    62 |    64 |   330 ||   456
       Battleaxe         |       |       |       |       |       |   270 ||   270
Throw: Dart              |       |    37 |    23 |    55 |    81 |    19 ||   215
       Boomerang         |       |       |     6 |     5 |    26 |   103 ||   140
       Javelin           |       |       |       |       |       |    14 ||    14
 Cast: Song of Slaying   |       |       |       |       |       |     3 ||     3
Invok: Heroism           |       |     1 |     2 |     2 |     8 |     8 ||    21
       Finesse           |       |       |       |     1 |     4 |     7 ||    12
 Abil: Dig               |       |       |       |     2 |     2 |       ||     4
Evoke: Sack of spiders   |       |       |       |     3 |       |     6 ||     9
       Wand              |       |       |       |     2 |     4 |     1 ||     7
  Use: Scroll            |       |       |     6 |    11 |    12 |    24 ||    53
       Potion            |       |       |     1 |     5 |       |     4 ||    10
 Stab: Petrified         |       |       |       |       |     6 |       ||     6
       Invisible         |       |       |       |       |       |     5 ||     5
  Eat: Chunk             |     1 |     8 |    13 |    24 |    14 |    22 ||    82
       Ration            |       |       |       |     1 |     4 |     4 ||     9
Armor: Scale mail        |    52 |    82 |    92 |       |       |       ||   226
       Chain mail        |       |       |     3 |    50 |       |       ||    53
       Plate armour      |       |       |       |   126 |   316 |   555 ||   997
Dodge: Dodged            |    38 |    76 |   123 |   146 |   238 |   301 ||   922
Block: Shield            |    57 |   111 |   213 |   369 |   410 |   764 ||  1924
       Reflection        |       |       |     7 |    11 |     8 |    64 ||    90

Table legend:
 A = Non-vault XP
 B = Vault XP
 C = Vault XP percentage of total XP
 D = Non-vault monster count
 E = Vault monster count
 F = Vault count percentage of total count
                 A         B        C        D         E       F
            +---------+---------+-------+---------+---------+-------
      Total |  145172 |  107569 |  42.6 |     726 |     339 |  31.8
            +---------+---------+-------+---------+---------+-------
        D:1 |      57 |       6 |   9.5 |      29 |       3 |   9.4
        D:2 |      47 |      26 |  35.6 |      21 |       5 |  19.2
        D:3 |     169 |     319 |  65.4 |      35 |       4 |  10.3
        D:4 |     448 |      18 |   3.9 |      24 |       3 |  11.1
        D:5 |     729 |       0 |   0.0 |      20 |       0 |   0.0
        D:6 |    1564 |     539 |  25.6 |      42 |      10 |  19.2
        D:7 |    1823 |     499 |  21.5 |      29 |       9 |  23.7
        D:8 |     548 |     308 |  36.0 |       8 |      14 |  63.6
        D:9 |    1012 |     996 |  49.6 |      13 |       6 |  31.6
       D:10 |    1565 |     707 |  31.1 |       7 |      14 |  66.7
       D:11 |    5191 |       0 |   0.0 |      42 |       0 |   0.0
       D:12 |    5448 |       0 |   0.0 |      32 |       0 |   0.0
       D:13 |    2638 |       0 |   0.0 |      25 |       0 |   0.0
       D:14 |    6551 |    7660 |  53.9 |      19 |      17 |  47.2
       D:15 |   14515 |   12775 |  46.8 |      35 |      23 |  39.7
     Lair:1 |    2330 |       0 |   0.0 |      10 |       0 |   0.0
     Lair:2 |    6563 |    1081 |  14.1 |      26 |       5 |  16.1
     Lair:3 |    4308 |    2255 |  34.4 |      11 |       1 |   8.3
     Lair:4 |   11707 |    7046 |  37.6 |      41 |      17 |  29.3
     Lair:5 |    2428 |    9401 |  79.5 |      11 |      53 |  82.8
     Lair:6 |    9314 |    8249 |  47.0 |      29 |      29 |  50.0
    Swamp:1 |   13492 |       0 |   0.0 |      40 |       0 |   0.0
    Swamp:2 |   10429 |    4417 |  29.8 |      30 |       1 |   3.2
    Swamp:3 |    5282 |       0 |   0.0 |      14 |       0 |   0.0
    Swamp:4 |   14444 |   17961 |  55.4 |      29 |      28 |  49.1
      Orc:1 |    3742 |       0 |   0.0 |      53 |       0 |   0.0
      Orc:2 |    1105 |    5714 |  83.8 |      15 |      50 |  76.9
   Vaults:1 |   17723 |   15624 |  46.9 |      36 |      27 |  42.9
      IceCv |       0 |    3129 | 100.0 |       0 |      11 | 100.0
     WizLab |       0 |    8839 | 100.0 |       0 |       9 | 100.0
            +---------+---------+-------+---------+---------+-------
